 Dungeon Crawl Stone Soup version 0.25.1-2-g60ff931df9 (webtiles) character file.

Game seed: 13677356695503773112

53 Allula97 the Skirmisher (level 3, 0/29 HPs)
             Began as a Demonspawn Monk on Nov 14, 2020.
             Slain by a worm (9 damage)
             ... on level 2 of the Dungeon.
             The game lasted 00:04:52 (896 turns).

Allula97 the Skirmisher (Demonspawn Monk)            Turns: 896, Time: 00:04:53

Health: 0/29       AC:  6    Str: 11    XL:     3   Next: 64%
Magic:  13/13      EV: 10    Int: 11    God:
Gold:   46         SH:  0    Dex: 16    Spells: 3/3 levels left

rFire    . . .     SeeInvis .   a - +0 falchion
rCold    . . .     Gourm    .   (no shield)
rNeg     . . .     Faith    .   e - +0 scale mail
rPois    .         Spirit   .   (no helmet)
rElec    .         Reflect  .   (no cloak)
rCorr    .         Harm     .   (no gloves)
MR       .....                  (no boots)
Stlth    ++........             (no amulet)
HPRegen  0.09/turn              g - ring of magical power
MPRegen  0.13/turn              f - ring of stealth

@: no status effects
A: powered by pain 1, rot immunity
a: no special abilities


You were on level 2 of the Dungeon.
You were not hungry.

You visited 1 branch of the dungeon, and saw 2 of its levels.

You collected 46 gold pieces.

Inventory:

Hand Weapons
 a - a +0 falchion (weapon)
Missiles
 k - 6 poisoned darts (quivered)
Armour
 e - a +0 scale mail (worn)
Jewellery
 f - a ring of stealth (right hand)
 g - a ring of magical power (left hand)
Scrolls
 h - a scroll of teleportation
 j - a scroll of enchant weapon {unknown}
Potions
 d - a potion of haste {unknown}
 i - a potion of invisibility {unknown}
Comestibles
 b - 4 chunks of flesh
 c - 4 rations


   Skills:
 * Level 3.3 Fighting
 * Level 3.0 Long Blades
 * Level 1.1 Armour
 + Level 2.9 Dodging
 * Level 2.2 Stealth
 + Level 0.7 Spellcasting


You had 3 spell levels left.
You didn't know any spells.
Your spell library was empty.

Dungeon Overview and Level Annotations

Branches:
Dungeon (2/15)

Altars:


Innate Abilities, Weirdness & Mutations

You sometimes gain a little power by taking damage.
You are immune to rotting.


Message History

Items here: ( )) †††† The goblin unwields a +0 club.
The goblin wields a +0 hunting sling.
The goblin shoots a stone.
The stone barely misses you.
You see here a stone.
Throwing (i - inventory)
k - 7 poisoned darts (quivered)
Press: ? - help, Shift-Dir - straight line, f - worm
Aim: a worm You throw a poisoned dart.
The poisoned dart hits the worm.
The worm is poisoned.
You hit the worm.
The worm is moderately wounded.
The worm misses you.
You riposte.
Your scale mail prevents you from hitting the worm.
The worm is lightly wounded.
You hit the worm.
The worm is moderately wounded.
You hit the worm.
The worm is heavily wounded.
The worm bites you!
You die...

># #.# ######.##
#.......#
#############.......#
#.[.................#
#......J#####.......#
#.....Kg#####...÷...#
#.....grw@..........#
#S.....###..........#
....(..#...<..##.#.##
.......#.#....##.#.#
.(...$.#.#....##.#.#
......J#......##.#.#
#..gg.h#########....
#...gh. ..... ...


You could see a worm (poisoned), a quokka, 2 goblins and a kobold.

Vanquished Creatures
  A worm (D:2)
  A dart slug (D:1)
  3 bats
  3 giant cockroaches (D:1)
  7 goblins (D:1)
  4 hobgoblins
  4 jackals (D:2)
  8 kobolds
  A quokka (D:2)
  A ball python (D:1)
  3 frilled lizards
  9 rats
45 creatures vanquished.

Notes
Turn   | Place    | Note
-------+----------+-------------------------------------------
     0 | D:1      | Allula97 the Demonspawn Monk began the quest for the Orb.
     0 | D:1      | Reached XP level 1. HP: 18/18 MP: 1/1
   295 | D:1      | Gained mutation: You are immune to rotting. [demonic
                  | ancestry]
   295 | D:1      | Reached XP level 2. HP: 22/24 MP: 2/2
   543 | D:1      | Gained mutation: You sometimes gain a little power by
                  | taking damage. [demonic ancestry]
   543 | D:1      | Reached XP level 3. HP: 22/29 MP: 3/3
   860 | D:2      | Reached skill level 1 in Armour
   896 | D:2      | Slain by a worm

Illustrated notes

Levels and vault maps discovered:
D:1:      dpeg_arrival_pits, layout_basic, serial_forest,
          infiniplex_forest_end_2, infiniplex_forest_clump_medium,
          infiniplex_forest_straight_2, infiniplex_forest_clump_double,
          infiniplex_forest_clump_small, infiniplex_forest_side_room,
          infiniplex_forest_lined_2, infiniplex_forest_lined_2, glass_columns_b
D:2:      layout_basic, lemuel_doored_altar

Skill      XL: |  1  2  3 |
---------------+----------+-----
Stealth        | 2 |  2.2
Long Blades    | 3 |  3.0
Armour         | 1 |  1.1
Fighting       | |  3.3
Dodging        | |  2.9
Spellcasting   | |  0.7

Action                   || total
-------------------------++-------
Melee: Falchion          ||   136
Throw: Dart              ||     5
  Use: Scroll            ||     3
Armor: Scale mail        ||    60
Dodge: Dodged            ||    79
       Rpst.: Falchion   ||    23
